Map: Congelamento ER

Players

TheZergLord - Winner!

  • Race: Zerg Zerg
  • League: Master
  • Spawn Location: 1:00

Gansta

  • Race: Protoss Protoss
  • League: Master
  • Spawn Location: 5:00

VOD

Have the link to the VOD?

Description

Time

  • Played on: May 27, 2016, 11:59 a.m.
  • Length: 13:30
Show
View Real Time Build Order
Export as new Build Order

TheZergLord Zerg - Winner!

Build Orders: Hatch First, Lurkers 

Get SALT Encoding   

  12  0:01  Drone  
  13  0:13  Overlord  
  13  0:17  Drone  
  14  0:32  Drone x2  
  14  0:35  Drone  
  17  0:53  Hatchery  
  17  0:57  Drone  
  17  1:08  Drone  
  18  1:11  Extractor  
  18  1:16  Spawning Pool  
  16  1:19  Drone  
  16  1:22  Drone  
  18  1:30  Drone  
  19  1:41  Overlord  
  19  2:07  Queen, Hatchery  
  21  2:08  Zergling x4  
  22  2:18  Roach Warren  
  22  2:20  Drone  
  22  2:22  Overlord  
  22  3:06  Roach x3  
  22  3:11  Hatchery  
  26  3:21  Queen, Drone  
  26  3:24  Overlord  
  26  3:25  Roach  
  31  3:28  Ravager x2  
  31  3:32  Drone  
  34  3:37  Ravager  
  31  4:05  Drone x4  
  31  4:06  Drone x5  
  40  4:12  Ravager  
  41  4:18  Drone  
  41  4:23  Queen  
  44  4:25  Drone  
  44  4:26  Drone  
  46  4:36  Drone x3  
  49  4:40  Drone x2  
  49  4:41  Drone  
  52  4:51  Drone x5  
  57  4:55  Drone  
  57  4:58  Lair  
  58  5:07  Overlord  
  58  5:16  Overlord x2  
  58  5:22  Extractor  
  58  5:24  Drone x2, Extractor  
  58  5:25  Metabolic Boost  
  52  5:39  Drone x4  
  52  5:40  Drone x11  
  67  5:47  Spore Crawler  
  67  5:48  Spore Crawler x2  
  64  5:52  Drone  
  64  5:53  Drone x5  
  70  5:58  Drone  
  70  6:00  Hydralisk Den  
  67  6:17  Drone x3, Extractor  
  69  6:18  Extractor  
  69  6:19  Drone  
  69  6:20  Extractor  
  69  6:21  Drone x3  
  69  6:22  Overlord  
  69  6:25  Overlord x4  
  71  6:28  Evolution Chamber  
  70  6:34  Lurker Den, Hydralisk  
  70  6:35  Hydralisk  
  70  6:39  Overlord  
  74  6:48  Hydralisk x3  
  74  6:49  Hydralisk  
  82  6:57  Hydralisk x2  
  82  6:59  Hydralisk  
  82  7:00  Zergling x2  
  82  7:01  Zergling x10  
  86  7:11  Drone x4  
  86  7:12  Drone  
  91  7:17  Zerg Missile Weapons Level 1  
  91  7:22  Drone  
  92  7:26  Hydralisk x3  
  92  7:29  Hydralisk  
  100  7:39  Zergling x10  
  100  7:40  Hatchery  
  104  7:44  Hydralisk x2  
  104  7:50  Overseer  
  108  7:55  Queen  
  109  8:00  Zergling x20  
  109  8:01  Zergling x2  
  109  8:04  Lurker  
  121  8:08  Overlord  
  121  8:09  Muscular Augments  
  120  8:20  Lurker  
  121  8:30  Lurker x2  
  121  8:31  Lurker x4  
  125  8:46  Hydralisk  
  125  8:47  Hydralisk x5  
  125  8:55  Hydralisk x2  
  119  8:57  Zergling x2  
  119  8:58  Zergling x20  
  134  9:05  Queen  
  133  9:13  Drone x3  
  133  9:15  Overlord x2  
  136  9:31  Overlord x2  
  136  9:32  Overlord x4  
  133  9:41  Queen, Spore Crawler  
  133  9:43  Extractor  
  133  9:44  Extractor  
  113  9:55  Hydralisk x10  
  113  9:56  Hydralisk x2  
  90  10:50  Hydralisk x9  
  90  10:51  Hydralisk  
  90  10:52  Zergling x2  
  101  11:25  Hydralisk x7  
  103  11:28  Lurker  
  113  12:12  Lurker  
  113  12:13  Lurker x4  
  118  12:19  Hydralisk  
  118  12:20  Hydralisk x2  
  124  12:24  Overlord  
  122  12:36  Hydralisk  
  122  12:37  Hydralisk x2  
  122  12:38  Hydralisk  
  127  12:45  Hydralisk  
Show
View Real Time Build Order
Export as new Build Order

Gansta Protoss 

Build Orders:  

Get SALT Encoding   

  12  0:01  Probe (Chrono Boost)  
  13  0:12  Probe (Chrono Boost)  
  14  0:18  Pylon  
  14  0:22  Probe (Chrono Boost)  
  15  0:36  Probe (Chrono Boost)  
  15  0:38  Forge  
  16  0:47  Probe (Chrono Boost)  
  17  0:57  Probe (Chrono Boost)  
  18  1:08  Probe (Chrono Boost)  
  18  1:11  Pylon  
  19  1:19  Probe (Chrono Boost)  
  20  1:29  Photon Cannon  
  20  1:31  Photon Cannon  
  20  1:43  Assimilator  
  20  2:03  Nexus  
  20  2:06  Gateway  
  20  2:12  Pylon  
  20  2:23  Photon Cannon  
  20  2:25  Probe (Chrono Boost)  
  21  2:36  Photon Cannon  
  21  2:41  Probe (Chrono Boost)  
  21  2:42  Photon Cannon  
  22  2:47  Assimilator  
  22  2:50  Assimilator  
  23  2:51  Probe (Chrono Boost)  
  23  2:53  Pylon  
  23  3:00  Photon Cannon  
  23  3:08  Cybernetics Core  
  23  3:11  Probe (Chrono Boost)  
  24  3:15  Probe (Chrono Boost)  
  25  3:23  Photon Cannon  
  25  3:28  Probe (Chrono Boost)  
  25  3:30  Probe (Chrono Boost)  
  27  3:38  Probe (Chrono Boost)  
  27  3:41  Probe (Chrono Boost)  
  29  3:47  Probe  
  29  3:52  Probe  
  31  3:57  Probe  
  32  4:04  Stargate, Probe  
  32  4:08  Pylon, Probe  
  34  4:16  Probe  
  35  4:18  Probe  
  35  4:23  Pylon  
  36  4:28  Pylon, Probe  
  36  4:29  Probe  
  38  4:40  Probe  
  38  4:41  Probe  
  38  4:44  Gateway  
  40  4:45  Gateway  
  40  4:47  Oracle (Chrono Boost)  
  40  4:52  Gateway  
  43  4:59  Probe x2  
  44  5:06  Pylon  
  45  5:08  Cybernetics Core  
  45  5:19  Void Ray (Chrono Boost)  
  49  5:42  Probe  
  49  5:43  Probe  
  49  5:45  Assimilator  
  49  5:48  Warp Gate (Chrono Boost), Assimilator  
  51  5:57  Void Ray, Probe  
  51  5:58  Probe  
  57  6:07  Nexus  
  57  6:09  Pylon  
  57  6:11  Probe  
  58  6:19  Forge, Probe  
  58  6:22  Gateway  
  58  6:23  Probe  
  60  6:29  Probe  
  61  6:35  Probe  
  62  6:40  Probe  
  63  6:47  Probe  
  63  6:50  Probe  
  65  6:59  Probe  
  66  7:11  Probe  
  66  7:13  Probe  
  66  7:14  Void Ray  
  72  7:20  Mothership Core  
  72  7:22  Pylon, Probe  
  72  7:23  Pylon  
  72  7:25  Probe  
  72  7:26  Protoss Ground Weapons Level 1 (Chrono Boost)  
  72  7:27  Pylon  
  76  7:33  Probe  
  76  7:36  Twilight Council  
  77  7:40  Gateway, Adept  
  77  7:41  Gateway, Adept x3  
  77  7:42  Gateway  
  77  7:43  Gateway, Probe  
  85  7:44  Probe x2  
  88  7:53  Probe  
  88  7:55  Assimilator  
  88  7:56  Probe  
  88  7:57  Assimilator  
  90  8:06  Adept x3  
  90  8:07  Adept  
  90  8:12  Resonating Glaives  
  98  8:15  Templar Archives  
  98  8:27  Photon Cannon  
  98  8:29  Pylon  
  98  8:30  Photon Cannon, Adept  
  98  8:31  Adept x3  
  98  8:33  Pylon  
  99  8:54  Adept  
  99  8:55  Adept x5  
  105  8:56  Adept x2  
  105  8:58  Probe x2  
  109  9:05  Robotics Facility  
  107  9:13  Protoss Ground Weapons Level 2 (Chrono Boost)  
  107  9:23  Photon Cannon  
  107  9:25  Photon Cannon  
  107  9:26  High Templar x2  
  107  9:27  Photon Cannon, High Templar x4  
  107  9:28  High Templar  
  107  9:29  Photon Cannon  
  107  9:30  Zealot  
  107  9:31  Photon Cannon  
  103  9:51  Archon  
  103  9:52  Archon x2, Charge  
  72  10:40  Observer  
  49  11:22  Immortal  
  49  11:25  Adept x3  
  55  11:26  Adept x5  
  69  11:43  Nexus  
  69  12:02  Adept x4  
  69  12:03  Adept x4  
  85  12:13  Pylon  
  84  12:23  Adept x5  
  82  13:01  Pylon  
  82  13:03  Pylon  
  82  13:09  Nexus  
  82  13:14  Pylon  
Tags
 
Add a new tag
Caveats
  • Supply blocks, unpowered buildings, or Contaminate may cause inaccurate times.
  • Supply counts are checked every 10 seconds.